 Dungeon Crawl Stone Soup version 0.32-a0-953-g508020473e (webtiles) character file.

Game seed: 14112018473663888197

109 Ofeo the Firebug (level 4, -1/33 HPs)
             Began as a Mountain Dwarf Fire Elementalist on Apr 16, 2024.
             Shot with a sling bullet by an iron imp (7 damage)
             ... on level 3 of the Dungeon.
             The game lasted 00:03:25 (3108 turns).

Ofeo the Firebug (Mountain Dwarf Fire Elementalist) Turns: 3108, Time: 00:03:25

Health: -1/33      AC:  9    Str: 11    XL:     4   Next: 60%
Magic:  7/7        EV:  5    Int: 17    God:
Gold:   135        SH:  0    Dex: 10    Spells: 4/7 levels left

rFire   . . .        o - +0 orcbow
rCold   . . .        (shield currently unavailable)
rNeg    . . .        m - +0 chain mail
rPois   .            (no helmet)
rElec   .            (no cloak)
rCorr   .            (no gloves)
SInv    .            i - +0 pair of boots
Will    .....        (no amulet) Stlth
                     (no ring)
HPRegen 0.25/turn    (no ring)
MPRegen 0.10/turn

%: no passive effects
@: no status effects
A: runic magic, artefact enchanting
a: no special abilities


You were on level 3 of the Dungeon.
You visited 1 branch of the dungeon, and saw 3 of its levels.

You collected 135 gold pieces.

Inventory:

Hand Weapons
 j - a +0 spear
 o - a +0 orcbow (weapon)
Armour
 a - a +0 robe
 i - a +0 pair of boots (worn)
 m - a +0 chain mail (worn)
Jewellery
 q - an amulet of faith
Scrolls
 c - 2 scrolls of teleportation {unknown}
 d - a scroll of fear {unknown}
 e - a scroll of torment {unknown}
 f - a scroll of brand weapon {unknown}
 g - 2 scrolls of immolation {unknown}
 k - 2 scrolls of blinking {unknown}
 n - 2 scrolls of identify {unknown}
 r - a scroll of vulnerability {unknown}
 t - a scroll of enchant armour {unknown}
 u - a scroll of poison {unknown}
Potions
 b - a potion of magic
 h - 2 potions of berserk rage {unknown}
 l - a potion of curing {unknown}
 p - a potion of attraction {unknown}
 s - a potion of heal wounds {unknown}


   Skills:
 + Level 2.0 Dodging
 + Level 2.1 Stealth
 + Level 2.3 Spellcasting
 + Level 1.9 Conjurations
 + Level 4.3 Fire Magic


You had 4 spell levels left.
You knew the following spells:

 Your Spells              Type           Power      Damage    Failure   Level
a - Foxfire               Conj/Fire      48%        2x1d6     13%         1
b - Scorch                Fire           32%        2d6       12%         2

Your spell library contained the following spells:

 Spells                   Type           Power      Damage    Failure   Level
 Inner Flame              Hex/Fire       9%         N/A       50%         3
 Volatile Blastmotes      Fire/Tloc      18%        2d11      50%         3
 Dazzling Flash           Conj/Hex       10%        N/A       67%         3
 Mephitic Cloud           Conj/Alch/Air  4%         N/A       71%         3
 Flame Wave               Conj/Fire      12%        2d6       77%         4
 Silence                  Hex/Air        1%         N/A       100%        5
 Chain Lightning          Conj/Air       2%         3d3       100%        9
 Fire Storm               Conj/Fire      6%         8d2       100%        9
 Shatter                  Erth           1%         3d5*      100%        9


Dungeon Overview and Level Annotations

Branches:
Dungeon (3/15)

Altars:
Makhleb

Shops:
D:1 :

Annotations:
D:2 Sigmund


Innate Abilities, Weirdness & Mutations

Your spellcasting is much less encumbered by armour.
You can use scrolls of enchantment on lesser artefacts.


Message History

The iron imp is almost dead.
The iron imp shoots a sling bullet.
The sling bullet barely misses you.
You shoot an arrow. The arrow closely misses the iron imp.
The iron imp shoots a sling bullet.
The sling bullet hits you.
You take 2 damage, and have 21/33 hp.
You shoot an arrow.
The arrow hits the iron imp but does no damage.
The iron imp is almost dead.
The iron imp shoots a sling bullet.
The sling bullet hits you.
The iron imp shoots a sling bullet.
The sling bullet hits you but does no damage.
You shoot an arrow. The arrow closely misses the iron imp.
The iron imp shoots a sling bullet.
The sling bullet hits you.
You take 4 damage, and have 17/33 hp.
You are too injured to fight recklessly!
You are too injured to fight recklessly!
Fire: o) +0 orcbow
Press: ? - help, Q - select action, (/) - cycle Shift-Dir - straight line, f/p - iron imp
Aim: an iron imp, wielding a -3 sling (almost dead, 52% to hit)
You shoot an arrow. The arrow barely misses the iron imp.
The iron imp shoots a sling bullet.
The sling bullet hits you!
* * * LOW HITPOINT WARNING * * *
The iron imp shoots a sling bullet.
The sling bullet hits you.
* * * LOW HITPOINT WARNING * * *
You take 12 damage, and have 5/33 hp.
MASSIVE DAMAGE!!
Fire: o) +0 orcbow
Press: ? - help, Q - select action, (/) - cycle Shift-Dir - straight line, f/p - iron imp
Aim: an iron imp, wielding a -3 sling (almost dead, 52% to hit)
You shoot an arrow.
The arrow hits the iron imp but does no damage.
The iron imp is almost dead.
The iron imp shoots a sling bullet.
The sling bullet hits you but does no damage.
Fire: o) +0 orcbow
Press: ? - help, Q - select action, (/) - cycle Shift-Dir - straight line, f/p - iron imp
Aim: an iron imp, wielding a -3 sling (black smoke, almost dead, 52% to hit)
You shoot an arrow. The arrow barely misses the iron imp.
The iron imp shoots a sling bullet.
The sling bullet barely misses you.
The iron imp shoots a sling bullet.
The sling bullet hits you!
You die...

...# #.............# ###
≈≈...................# #
...≈§.....#+###########.# #
_..5ߧ.......# #.### #
.§.§≈........##########.... ###
..§§≈§.......#..........### ..#
..§≈.........#..........'.. #.##
§§≈..........#..........### #..#
§≈........@..+..........### ##.#
.............#..........#..
##.#############...#..........#..
####.......###.....#..........#..
.....##.......................'..
.........................##.###..
......######.......###...##.# #..
......# #.......# #...##.#####
......# #.......# #...##......


You could see an iron imp.

Vanquished Creatures
  A hound (D:3)
  4 adders (D:3)
  2 dart slugs
  2 ribbon worms (D:3)
  3 orcs (D:3)
  2 bats
  4 endoplasms
  2 goblins
  2 hobgoblins (D:1)
  2 quokkas
  2 ball pythons (D:1)
  2 frilled lizards (D:1)
  4 kobolds
  3 rats
35 creatures vanquished.

Vanquished Creatures (others)
  111 foxfires
111 creatures vanquished.

Grand Total: 146 creatures vanquished

Notes
Turn   | Place    | Note
-------+----------+-------------------------------------------
     0 | D:1      | Ofeo the Mountain Dwarf Fire Elementalist began the quest
                  | for the Orb.
     0 | D:1      | Reached XP level 1. HP: 14/14 MP: 3/3
    54 | D:1      | Reached skill level 1 in Conjurations
   465 | D:1      | Reached XP level 2. HP: 10/20 MP: 0/4
   823 | D:1      | Found Tufruen's Book Boutique.
  1581 | D:2      | Noticed Sigmund
  1594 | D:1      | Learned a level 2 spell: Scorch
  1901 | D:3      | Reached skill level 4 in Fire Magic
  1901 | D:3      | Reached XP level 3. HP: 24/26 MP: 2/6
  2005 | D:3      | Reached XP level 4. HP: 24/33 MP: 2/7
  2945 | D:3      | Found a burning altar of Makhleb.
  3108 | D:3      | Shot with a sling bullet by an iron imp

Illustrated notes

Levels and vault maps discovered:
D:1:      dpeg_arrival_windows_large_door, layout_basic, serial_shops,
          nicolae_shop_stone
D:2:      layout_loops_ring, uniq_sigmund
D:3:      layout_basic, demons_altar

Skill      XL: |  1  2  3  4 |
---------------+-------------+-----
Conjurations   | 1 |  1.9
Spellcasting   | 2 |  2.3
Fire Magic     | 4 |  4.3
Stealth        | 2 |  2.1
Dodging        | 2 |  2.0

Action                     |  1- 3 |  4- 6 || total
---------------------------+-------+-------++-------
  Melee: Unarmed           |     6 |       ||     6
         Spear             |     9 |       ||     9
   Fire: Orcbow            |     4 |    51 ||    55
   Cast: Foxfire           |    45 |    21 ||    66
         Scorch            |       |     3 ||     3
 Armour: Robe              |     8 |       ||     8
         Chain mail        |    21 |    77 ||    98
  Dodge: Dodged            |    14 |    29 ||    43

Table legend: (Time is in decaauts)
 A = Elapsed time spent in this place.
 B = Non-inter-level travel time spent in this place.
 C = Inter-level travel time spent in this place.
 D = Time resting spent in this place.
 E = Time spent auto-exploring this place.
 F = Levels seen in this place.
 G = Mean time per level.
                   A        B        C        D        E       F      G
               +--------+--------+--------+--------+--------+-----+--------+
         Total |   3166 |   2994 |    172 |    313 |   2228 |   3 | 1055.3 |
       Dungeon |   3166 |   2994 |    172 |    313 |   2228 |   3 | 1055.3 |
               +--------+--------+--------+--------+--------+-----+--------+

Top non-repeatable levels by time:
     D:1: 1560 daAuts
     D:3: 1289 daAuts
     D:2: 316 daAuts
